 Dungeon Crawl Stone Soup version 0.28-a0-1624-g820543e53a (webtiles) character file.

Game seed: 15784105932230879064

382 HallandMoats the Vandal (level 6, -3/51 HPs)
             Began as a Ghoul Hunter on Jan 23, 2022.
             Slain by Duvessa (6 damage)
             ... on level 4 of the Dungeon.
             The game lasted 00:05:08 (3331 turns).

HallandMoats the Vandal (Ghoul Hunter)              Turns: 3331, Time: 00:05:09

Health: -3/51      AC:  8    Str: 14 (16) XL:     6   Next: 76%
Magic:  6/6        EV: 11    Int:  4 (6)  God:
Gold:   148        SH:  0    Dex:  8 (11) Spells: 5/5 levels left

rFire   . . .      SeeInvis .   a - +1 hunting sling
rCold   + . .      Faith    .   r - orb {light}
rNeg    + + +      Spirit   .   A - +3 ring mail {Will+}
rPois   ∞          Reflect  .   (no helmet)
rElec   .          Harm     .   (no cloak)
rCorr   .          Rampage  .   (no gloves)
Will    +....                   (no boots)
Stlth   +.........              (no amulet)
HPRegen 0.00/turn               (no ring)
MPRegen 0.10/turn               (no ring)

@: attractive, inhibited regen, glowing
A: claws 1, cold resistance 1, negative energy resistance 3, inhibited
regeneration, torment resistance 2
a: no special abilities


You were on level 4 of the Dungeon.
You visited 1 branch of the dungeon, and saw 4 of its levels.

You collected 148 gold pieces.

Inventory:

Hand Weapons
 a - a +1 hunting sling (weapon)
 b - a +0 short sword
Missiles
 d - 15 sling bullets (quivered)
 g - 71 stones (quivered ammo)
Armour
 n - a +0 plate armour
 r - an orb of light (worn)
 A - a +3 ring mail of willpower (worn)
Wands
 s - a wand of digging (5)
 w - a wand of mindburst (22)
 y - a wand of flame (15)
Scrolls
 f - 2 scrolls of amnesia {unknown}
 h - 3 scrolls of identify {unknown}
 i - a scroll of enchant armour {unknown}
 j - a scroll of vulnerability {unknown}
 k - 2 scrolls of summoning {unknown}
 l - a scroll of teleportation {unknown}
 o - a scroll of fear {unknown}
 t - a scroll of enchant weapon {unknown}
 u - a scroll of noise {unknown}
 x - a scroll of torment {unknown}
Potions
 e - a potion of degeneration
 m - a potion of invisibility {unknown}
 p - a potion of curing {unknown}
 q - a potion of flight {unknown}
 v - a potion of attraction


   Skills:
 + Level 3.5 Fighting
 * Level 4.9 Slings
 + Level 2.0 Armour
 + Level 3.0 Dodging
 - Level 1.1 Stealth
 + Level 1.5 Shields
 + Level 2.4 Invocations


You had 5 spell levels left.
You didn't know any spells.
Your spell library contained the following spells:

 Spells                   Type           Power      Damage    Failure   Level
 Animate Skeleton         Necr           0%         N/A       75%         1
 Pain                     Necr           0%         1d4       75%         1
 Sandblast                Erth           0%         2d4       75%         1
 Sting                    Tmut/Pois      0%         1d3       75%         1
 Passwall                 Tmut/Erth      0%         N/A       86%         2
 Poisonous Vapours        Pois/Air       0%         N/A       86%         2
 Static Discharge         Conj/Air       0%         N/A       86%         2
 Stone Arrow              Conj/Erth      0%         3d7       98%         3
 Vampiric Draining        Necr           0%         2d6       98%         3
 Dispel Undead            Necr           0%         3d6       100%        4
 Olgreb's Toxic Radiance  Pois           0%         N/A       100%        4
 Sticky Flame             Conj/Fire      0%         2d3       100%        4


Dungeon Overview and Level Annotations

Branches:
Dungeon (4/15)
 Temple: D:4-7

Altars:

Annotations:
D:4 Duvessa


Innate Abilities, Weirdness & Mutations

You thrive by killing the living.
You are immune to poison.
You have sharp fingernails.
Your flesh is cold resistant. (rC+)
You are immune to negative energy. (rN+++)
You do not regenerate when monsters are visible.
You are immune to unholy pain and torment.


Message History

Duvessa is moderately wounded.
Duvessa hits you with a +0 short sword!
Fire: 18 sling bullets
Press: ? - help, Q - select action, (/) - cycle Shift-Dir - straight line, f/p - Duvessa
Aim: Duvessa, wielding a +0 short sword and wearing a +0 plate armour (moderately wounded, berserk, haloed, 93% to hit)
You shoot a sling bullet. The sling bullet hits Duvessa.
Duvessa is moderately wounded.
Duvessa hits you with a +0 short sword. Duvessa hits you but does no damage.
Fire: 17 sling bullets
Press: ? - help, Q - select action, (/) - cycle Shift-Dir - straight line, f/p - Duvessa
Aim: Duvessa, wielding a +0 short sword and wearing a +0 plate armour (moderately wounded, berserk, haloed, 93% to hit)
You shoot a sling bullet.
The sling bullet hits Duvessa but does no damage.
Duvessa is moderately wounded.
Duvessa misses you.
Fire: 16 sling bullets
Press: ? - help, Q - select action, (/) - cycle Shift-Dir - straight line, f/p - Duvessa
Aim: Duvessa, wielding a +0 short sword and wearing a +0 plate armour (moderately wounded, berserk, haloed, 93% to hit)
You shoot a sling bullet. The sling bullet hits Duvessa.
Duvessa is moderately wounded.
Duvessa hits you with a +0 short sword!
* * * LOW HITPOINT WARNING * * *
Unknown command.
It was a potion of degeneration.
There was something very wrong with that liquid.
You feel weakened.
You feel dopey.
You feel clumsy. Duvessa hits you with a +0 short sword!
* * * LOW HITPOINT WARNING * * *
Duvessa hits you but does no damage.
Unknown command.
It was a potion of attraction.
You feel attractive to monsters. Duvessa closely misses you.
It was a potion of mutation.
You feel extremely strange.
Your body decomposes!
You feel dopey.
Your body decomposes!
You feel clumsy. Duvessa hits you with a +0 short sword.
You die...

...#.......##......## .
..##..#..####......##...
#....###. #...........
###..# ..# #...........
.# ##......###...#......
..# .......##.##...(.#
.... .........#...(##
.... .........#....#
.... .........@e(.# ....
........##.##.# ...
.....<..# ..# ...
........# .... ...
..###...# ..... .## ##
#.... ###.## ... #... ##
.# .... #


You could see Duvessa (berserk).

Vanquished Creatures
  A phantom (D:4)
  Blork the orc (D:4)
  Dowan (D:4)
  A howler monkey (D:4)
  Ijyb (D:4)
  Terence (D:2)
  An iguana (D:4)
  2 adders (D:4)
  An adder skeleton (D:4)
  A worm (D:2)
  An orc (D:4)
  5 bats
  5 endoplasms
  A giant cockroach (D:2)
  6 goblins
  3 hobgoblins (D:1)
  9 jackals
  5 kobolds
  A quokka (D:1)
  2 ball pythons
  7 frilled lizards
  4 rats
60 creatures vanquished.

Notes
Turn   | Place    | Note
-------+----------+-------------------------------------------
     0 | D:1      | HallandMoats the Ghoul Hunter began the quest for the Orb.
     0 | D:1      | Reached XP level 1. HP: 17/17 MP: 0/0
   221 | D:1      | Reached XP level 2. HP: 25/25 MP: 1/1
   595 | D:1      | Reached XP level 3. HP: 30/30 MP: 2/2
  1110 | D:2      | Reached skill level 1 in Invocations
  1229 | D:2      | Reached skill level 4 in Slings
  1311 | D:2      | Noticed Terence
  1323 | D:2      | Killed Terence
  1324 | D:2      | Reached skill level 1 in Armour
  1324 | D:2      | Reached XP level 4. HP: 11/37 MP: 3/3
  2334 | D:4      | Noticed Blork the orc
  2339 | D:4      | Reached XP level 5. HP: 33/44 MP: 5/5
  2350 | D:4      | Killed Blork the orc
  2351 | D:4      | Reached skill level 1 in Shields
  2648 | D:4      | Noticed Dowan
  2906 | D:4      | Reached XP level 6. HP: 45/51 MP: 6/6
  2916 | D:4      | Killed Dowan
  2987 | D:4      | Noticed Ijyb
  2999 | D:4      | Killed Ijyb
  3317 | D:4      | Noticed Duvessa
  3331 | D:4      | Slain by Duvessa

Illustrated notes

Levels and vault maps discovered:
D:1:      giann_forest_graveyard, layout_loops_ring,
          chequers_serial_rivers_micro_a, minmay_heptomino_h4
D:2:      layout_rooms, shapermc_ecumenical_altar_petra, uniq_terence
D:3:      layout_basic
D:4:      layout_cave_pools, uniq_blork_the_orc, uniq_ijyb, uniq_duvessa,
          uniq_crazy_yiuf_cottage

Skill      XL: |  1  2  3  4  5  6 |
---------------+-------------------+-----
Dodging        | 2 3 |  3.0
Invocations    | 1 2 |  2.4
Slings         | 4 |  4.9
Armour         | 1 2 |  2.0
Fighting       | 3 |  3.5
Shields        | 1 |  1.5
Stealth        | |  1.1

Action                   |  1- 3 |  4- 6 || total
-------------------------+-------+-------++-------
Melee: Short sword       |     9 |       ||     9
 Fire: Hunting sling     |   123 |   122 ||   245
  Use: Potion            |       |     3 ||     3
Armor: Ring mail         |    13 |     5 ||    18
       Leather armour    |     1 |       ||     1
       Scale mail        |    12 |       ||    12
       Plate armour      |     7 |    16 ||    23
Dodge: Dodged            |    48 |    12 ||    60

Table legend: (Time is in decaauts)
 A = Elapsed time spent in this place.
 B = Non-inter-level travel time spent in this place.
 C = Inter-level travel time spent in this place.
 D = Time resting spent in this place.
 E = Time spent auto-exploring this place.
 F = Levels seen in this place.
 G = Mean time per level.
                   A        B        C        D        E       F      G
               +--------+--------+--------+--------+--------+-----+--------+
         Total |   3331 |   3275 |     56 |    408 |   2283 |   4 |  832.8 |
       Dungeon |   3331 |   3275 |     56 |    408 |   2283 |   4 |  832.8 |
               +--------+--------+--------+--------+--------+-----+--------+

Top non-repeatable levels by time:
     D:3: 1046 daAuts
     D:1: 979 daAuts
     D:2: 670 daAuts
     D:4: 635 daAuts
